 Dungeon Crawl Stone Soup version 0.29-a0-219-g0a02b1cf4f (webtiles) character file.

Game seed: 1822227822397996624

3443 avis the Cleaver (level 10, -9/86 HPs)
             Began as a Hill Orc Monk on Feb 25, 2022.
             Was a Priest of Beogh.
             Mangled by an orc warlord
             ... wielding a +2 long sword
              (20 damage)
             ... in a bailey on Feb 26, 2022.
             The game lasted 00:45:40 (10792 turns).

avis the Cleaver (Hill Orc Monk)                   Turns: 10792, Time: 00:45:44

Health: -9/86      AC: 16    Str: 21    XL:     10   Next: 5%
Magic:  11/13      EV:  6    Int: 16    God:    Beogh [***...]
Gold:   286        SH:  5    Dex: 13    Spells: 9/9 levels left

rFire   + . .      SeeInvis +   a - +0 broad axe
rCold   + . .      Faith    .   G - +0 buckler
rNeg    . . .      Spirit   .   o - +0 plate armour
rPois   +          Reflect  .   c - +0 helmet of Uskayaw's Esteem {rElec Str+2 Stlth+}
rElec   +          Harm     .   P - +1 cloak
rCorr   +          Rampage  .   (no gloves)
Will    .....                   d - +2 pair of boots
Stlth   ..........              (no amulet)
HPRegen 0.24/turn               p - +6 ring of intelligence
MPRegen 0.13/turn               J - ring of see invisible

@: resistant
A: no striking features
a: Renounce Religion, Smiting


You were in a bailey.
You worshipped Beogh.
Beogh was most pleased with you.
You visited 2 branches of the dungeon, and saw 8 of its levels.
You also visited: Bailey.

You collected 286 gold pieces.

Inventory:

Hand Weapons
 a - a +0 broad axe (weapon)
 b - a +2 quarterstaff of chaos
 w - a +0 halberd of protection
 B - a +4 hand axe
Missiles
 l - 26 poisoned darts (quivered)
 n - 4 boomerangs
Armour
 c - the +0 helmet of Uskayaw's Esteem (worn) {rElec Str+2 Stlth+}
   (You found it on level 6 of the Dungeon)

   Str:       It affects your strength (+2).
   rElec:     It insulates you from electricity.
   Stlth:     It makes you more stealthy.
 d - a +2 pair of boots (worn)
 o - a +0 plate armour (worn)
 t - a +3 leather armour
 F - a +0 chain mail
 G - a +0 buckler (worn)
 P - a +1 cloak (worn)
Jewellery
 p - a +6 ring of intelligence (left hand)
 q - a ring of protection from fire
 J - a ring of see invisible (right hand)
Wands
 k - a wand of digging (4)
 m - a wand of polymorph (8)
Scrolls
 e - 3 scrolls of vulnerability {unknown}
 f - 3 scrolls of teleportation {unknown}
 g - a scroll of magic mapping {unknown}
 i - a scroll of immolation {unknown}
 r - 6 scrolls of identify {unknown}
 s - 2 scrolls of enchant armour {unknown}
 x - 4 scrolls of amnesia {unknown}
 y - 2 scrolls of fear {unknown}
 E - 3 scrolls of fog {unknown}
Potions
 h - 3 potions of degeneration {unknown}
 j - 3 potions of curing
 u - 2 potions of magic {unknown}
 v - 2 potions of cancellation {unknown}
 z - 2 potions of mutation {unknown}
 A - a potion of ambrosia {unknown}
 D - 2 potions of heal wounds {unknown}
 L - a potion of invisibility {unknown}
 M - 2 potions of resistance


   Skills:
 + Level 7.2 Fighting
 * Level 14.2 Axes
 - Level 2.4 Dodging
 - Level 1.5 Stealth
 - Level 4.0 Shields
 - Level 5.0 Unarmed Combat
 - Level 5.0 Invocations


You had 9 spell levels left.
You didn't know any spells.
Your spell library contained the following spells:

 Spells                   Type           Power      Damage    Failure   Level
 Tukima's Dance           Hex            0%         N/A       100%        3
 Anguish                  Hex/Necr       0%         N/A       100%        4
 Enfeeble                 Hex            0%         N/A       100%        7


Dungeon Overview and Level Annotations

Branches:
Dungeon (7/15)             Temple (1/1) D:5          Bailey (1/1)

Altars:
Elyvilon
Gozag
Qazlal
Ru
Sif Muna
Xom
Yredelemnul

Shops:
D:7 *

Annotations:
D:2 deep water treasure?


Message History

The orc warrior is moderately wounded.
The orc warlord blocks your attack.
Unknown command.
You barely miss the orc warlord.
The orc warlord hits you with a +2 long sword!!
Aiming: Smiting
Press: ? - help, Dir - move target, f - orc warlord, p - Zartorak Smite: an orc warlord, wielding a +2 long sword, wearing a +0 plate armour and wearing a +0 kite shield You smite the orc warlord!!
The orc warlord is lightly wounded.
The orc warlord hits you with a +2 long sword!!
* * * LOW HITPOINT WARNING * * *
The orc warlord barely misses Zartorak.
What are your orders? t - Shout!
Orders for allies: a - Attack new target. p - Attack previous target. r - Retreat! s - Stop attacking. g - Guard the area. f - Follow me.
Anything else - Cancel.
Follow me!
The orc warlord roars a battlecry!
The orc warlord shouts, "I wonder, will Beogh raise you from the dead?"
The orc warrior no longer looks unusually strong.
The orc warlord blocks Zartorak's attack.
The orc warlord roars a battlecry!
The orc warrior goes into a battle-frenzy!
It was a potion of curing.
You feel better.
The orc warlord hits you with a +2 long sword!
* * * LOW HITPOINT WARNING * * *
You hit the orc warlord but do no damage.
The orc warlord is lightly wounded.
Your orc warrior hits the orc warlord with a +0 broad axe!
The orc warlord hits you but does no damage.
It was a potion of resistance.
You feel protected.
The orc warlord blocks your orc warrior's attack.
Zartorak barely misses the orc warlord.
The orc warlord hits you with a +2 long sword!!
You die...
Beogh appreciates the orc warlord's killing of a heretic priest.

#.......# ##.......##
#.........# ##.........##
#######.....⌠.....#######
##.....##.......))##.....##
#......)'......)))'.......#
##......)##.......##.......##
#.........#..@oo..#...).....#
##.........##88o88##.........##
#.....⌠.....###g###.....⌠.....#
##.........##


ooo ##.....)...## #.........# ..gg. #.....))..# ##.......##.......##.......##
#.......#.........#...))).# ##.....##.........##..)..##
##)####...........####'## You could see an orc warlord (ally target), 2 orc
warriors, a gnoll, 2 hobgoblins, a friendly orc warrior and the friendly
Zartorak the orc warrior.

Vanquished Creatures
  2 kobold demonologists (D:5)
  Grinder (D:5)
  Eustachio (D:6)
  2 water moccasins (D:5)
  3 orc warriors (Bailey)
  2 necrophages
  2 ogres
  2 centaurs
  A phantom (D:6)
  3 kobold brigands (D:5)
  Blork the orc (D:6)
  2 bullfrogs
  A water moccasin zombie (D:5)
  A scorpion (D:4)
  A water moccasin skeleton (D:5)
  A bullfrog skeleton (D:5)
  A bullfrog zombie (D:5)
  2 centaur zombies (D:5)
  2 hounds (D:5)
  An orc priest (D:4)
  2 iguanas (D:5)
  Crazy Yiuf (D:5)
  2 orc wizards
  A killer bee zombie (D:5)
  19 gnolls
  9 adders
  2 shadow imps (D:5)
  2 white imps
  3 adder skeletons (D:5)
  2 worms
  3 dart slugs
  24 orcs
  8 endoplasms
  4 giant cockroaches
  23 goblins
  13 hobgoblins
  8 jackals
  5 quokkas
  6 ball pythons
  7 bats
  6 frilled lizards
  6 kobolds
  5 rats
193 creatures vanquished.

Vanquished Creatures (collateral kills)
  An orc warrior (Bailey)
  3 goblins (Bailey)
  3 hobgoblins (Bailey)
7 creatures vanquished.

Vanquished Creatures (others)
  An orc wizard (D:4)
  2 orcs (Bailey)
  14 fungi
  3 plants (D:2)
  10 withered plants
30 creatures vanquished.

Grand Total: 230 creatures vanquished

Notes
Turn   | Place    | Note
-------+----------+-------------------------------------------
     0 | D:1      | avis the Hill Orc Monk began the quest for the Orb.
     0 | D:1      | Reached XP level 1. HP: 19/19 MP: 1/1
   397 | D:1      | Reached XP level 2. HP: 27/27 MP: 2/2
  1032 | D:1      | Reached XP level 3. HP: 33/33 MP: 3/3
  1749 | D:2      | Reached skill level 5 in Fighting
  1978 | D:1      | Reached XP level 4. HP: 11/42 MP: 4/4
  2466 | D:2      | Found a basalt altar of Yredelemnul.
  2587 | D:2      | Reached skill level 5 in Unarmed Combat
  2648 | D:1      | Reached XP level 5. HP: 44/48 MP: 5/5
  2842 | D:2      | Found a faded altar of an unknown god.
  3244 | D:2      | Reached skill level 1 in Axes
  3468 | D:2      | Reached skill level 2 in Axes
  3626 | D:3      | Reached skill level 3 in Axes
  3814 | D:3      | Reached skill level 4 in Axes
  3814 | D:3      | Reached XP level 6. HP: 23/56 MP: 6/6
  4597 | D:3      | Became a worshipper of Beogh the Brigand
  4597 | D:3      | Reached * piety under Beogh
  4597 | D:3      | Reached ** piety under Beogh
  4663 | D:3      | Reached skill level 5 in Axes
  4847 | D:3      | Found a sacrificial altar of Ru.
  5122 | D:4      | Reached skill level 1 in Invocations
  5454 | D:4      | Reached skill level 1 in Shields
  5485 | D:4      | Reached XP level 7. HP: 32/61 MP: 8/8
  5744 | D:4      | Found a shimmering altar of Xom.
  6188 | D:5      | Entered Level 5 of the Dungeon
  6231 | D:5      | Reached skill level 6 in Axes
  6666 | D:5      | Reached skill level 7 in Axes
  6820 | D:5      | Found a staircase to the Ecumenical Temple.
  6843 | D:5      | Reached XP level 8. HP: 42/69 MP: 10/10
  7056 | D:5      | Reached skill level 8 in Axes
  7193 | D:5      | Found a stormy altar of Qazlal.
  7564 | D:5      | Found a runed translucent door.
  7565 | D:5      | Noticed Crazy Yiuf
  7574 | D:5      | Killed Crazy Yiuf
  7672 | Temple   | Entered the Ecumenical Temple
  7930 | D:5      | Reached *** piety under Beogh
  8042 | D:6      | Noticed Blork the orc
  8048 | D:5      | Reached skill level 9 in Axes
  8147 | D:6      | Killed Blork the orc
  8148 | D:6      | Reached skill level 5 in Invocations
  8186 | D:6      | Noticed Grinder
  8186 | D:6      | Noticed a kobold demonologist
  8190 | D:6      | Noticed an ice devil
  8190 | D:6      | Noticed a kobold demonologist
  8194 | D:5      | Paralysed by Grinder for 2 turns
  8203 | D:5      | Paralysed by Grinder for 5 turns
  8209 | D:5      | Killed Grinder
  8210 | D:5      | Reached skill level 10 in Axes
  8484 | D:5      | Noticed a rust devil
  8488 | D:5      | Noticed a ynoxinul
  8489 | D:5      | Killed a kobold demonologist
  8490 | D:5      | Reached skill level 11 in Axes
  8490 | D:5      | Reached XP level 9. HP: 34/74 MP: 8/12
  8673 | D:6      | Noticed a smoke demon
  8674 | D:6      | Noticed a red devil
  8728 | D:5      | Noticed an orange demon
  8730 | D:5      | Killed a kobold demonologist
  8731 | D:5      | Reached skill level 12 in Axes
  9259 | D:6      | Found an opulent altar of Gozag.
  9266 | D:6      | Reached skill level 13 in Axes
  9293 | D:6      | Noticed Eustachio
  9308 | D:6      | Killed Eustachio
  9573 | D:6      | Identified the +0 helmet of Uskayaw's Esteem {rElec Str+2
                  | Stlth+}
  9757 | D:6      | Found a white marble altar of Elyvilon.
  9905 | D:7      | Found Gozag's Platinum Reserve.
 10030 | D:7      | Found a flagged portal.
 10050 | Bailey   | Entered a bailey
 10391 | Bailey   | Reached skill level 14 in Axes
 10391 | Bailey   | Reached XP level 10. HP: 60/86 MP: 13/13
 10401 | Bailey   | Gained Zartorak as an ally
 10773 | Bailey   | Noticed an orc warlord
 10792 | Bailey   | Mangled by an orc warlord

Illustrated notes

Levels and vault maps discovered:
D:1:      wander_arrival_chamber, layout_loops_ring, minivault_4
D:2:      layout_loops_ring, serial_rivers, chequers_serial_rivers_micro_b,
          chequers_serial_rivers_micro_a, chequers_serial_rivers_micro_d,
          chequers_serial_rivers_small_a, chequers_serial_rivers_micro_a,
          chequers_serial_rivers_small_b, basic_altar,
          shapermc_ecumenical_altar_flowoftime, kennysheep_generic_room_5
D:3:      layout_rooms, nicolae_ru_great_annihilating_truth, minmay_cupped
D:4:      layout_basic, xom_teletrap_fun, serial_aquarium,
          aquarium_bridge_square [aquarium_subvault_wall,
          aquarium_subvault_bridge, aquarium_subvault_wall,
          aquarium_subvault_bridge], aquarium_window_corridor_1,
          aquarium_window_fake, aquarium_window_corner, aquarium_window_1,
          aquarium_view_2d, aquarium_view_2e, aquarium_pool_2
D:5:      layout_basic, mainiacjoe_overflow_brackets,
          minmay_temple_entry_junction_2, serial_undead, serial_undead_c,
          serial_undead_c, serial_undead_e, serial_undead_d, serial_undead_b,
          serial_undead_c, uniq_crazy_yiuf_cottage
D:6:      layout_cave_pools, hangedman_feature_mirror, uniq_grinder,
          uniq_eustachio, uniq_blork_the_orc
D:7:      layout_loops_cross, nicolae_gozag_zags_fifth_avenue, enter_bailey_5
Temple:   dshaligram_water_room_temple
Bailey:   bailey_axe_minmay_hex_keep, bailey

Skill      XL: |  1  2  3  4  5  6  7  8  9 |
---------------+----------------------------+-----
Fighting       | 4 5 7 |  7.2
Unarmed Combat | 4 5 |  5.0
Axes           | 4 5 7 11 14 | 14.2
Invocations    | 1 3 5 |  5.0
Shields        | 1 3 4 |  4.0
Dodging        | |  2.4
Stealth        | |  1.5

Action                   |  1- 3 |  4- 6 |  7- 9 | 10-12 || total
-------------------------+-------+-------+-------+-------++-------
Melee: Unarmed           |   190 |    74 |       |       ||   264
       Punch             |     2 |     5 |       |       ||     7
       Broad axe         |       |   184 |   328 |    32 ||   544
Throw: Dart              |     4 |       |     2 |       ||     6
Invok: Convert to Beogh  |       |     1 |       |       ||     1
       Smiting           |       |       |     2 |     1 ||     3
  Use: Potion            |       |       |       |     2 ||     2
 Stab: Sleeping          |     4 |     1 |       |       ||     5
       Distracted        |     1 |       |       |       ||     1
       Invisible         |       |     1 |       |       ||     1
       Paralysed         |       |     1 |       |       ||     1
Armor: Robe              |    62 |    56 |       |       ||   118
       Chain mail        |       |    47 |   187 |       ||   234
       Ring mail         |       |    31 |       |       ||    31
       Plate armour      |       |       |     6 |    11 ||    17
Dodge: Dodged            |   113 |   177 |   123 |     3 ||   416
Block: Buckler           |       |     4 |    82 |     5 ||    91

Table legend: (Time is in decaauts)
 A = Elapsed time spent in this place.
 B = Non-inter-level travel time spent in this place.
 C = Inter-level travel time spent in this place.
 D = Time resting spent in this place.
 E = Time spent auto-exploring this place.
 F = Levels seen in this place.
 G = Mean time per level.
                   A        B        C        D        E       F      G
               +--------+--------+--------+--------+--------+-----+--------+
         Total |  10929 |  10325 |    604 |   4697 |   3262 |   9 | 1214.3 |
       Dungeon |  10162 |   9558 |    604 |   4240 |   3262 |   7 | 1451.7 |
        Temple |     29 |     29 |      0 |      0 |      0 |   1 |   29.0 |
        Bailey |    737 |    737 |      0 |    457 |      0 |   1 |  737.0 |
               +--------+--------+--------+--------+--------+-----+--------+

Top non-repeatable levels by time:
     D:5: 2978 daAuts
     D:2: 2132 daAuts
     D:1: 1920 daAuts
     D:4: 1217 daAuts
     D:3: 1103 daAuts
     D:6: 741 daAuts
  Bailey: 737 daAuts
     D:7: 68 daAuts
  Temple: 29 daAuts
